 Dungeon Crawl Stone Soup version 0.31.0-1-g2c135a008e (webtiles) character file.

Game seed: 1859619839204967260

2737 qw the Skirmisher (level 10, -5/73 HPs)
             Began as a Djinni Hunter on Jan 23, 2024.
             Slain by Erica
             ... wielding a +2 scimitar of flaming
              (19 damage)
             ... on level 8 of the Dungeon.
             The game lasted 00:00:28 (6185 turns).

qw the Skirmisher (Djinni Hunter)                   Turns: 6185, Time: 00:00:28

Health: -5/73      AC:  7    Str: 10      XL:     10   Next: 0%
Gold:   422        EV: 11    Int: 16 (17) God:
                   SH:  4    Dex: 22

rFire   + . .        a - +3 shortbow (freeze)
rCold   x . .        (shield currently unavailable)
rNeg    . . .        e - +0 ring mail
rPois   inf          (no helmet)
rElec   +            f - +1 cloak
rCorr   .            (no gloves)
SInv    .            (boots unavailable)
Will    +++..        (no amulet)
Stlth   +            k - ring "Varac" {rElec rPois rF- Will+ Int+7}
HPRegen 0.32/turn    m - ring of willpower
MPRegen 0.00/turn

%: clarity, infuse magic (-6 HP)
@: flying, constricted
A: sickness immunity, fire resistance 2, cold vulnerability 1, float, innate
caster, HP casting, extra vitality 1, large bone plates 1, clarity,
deterioration 1
a: no special abilities


You were on level 8 of the Dungeon.
You visited 2 branches of the dungeon, and saw 9 of its levels.

You collected 548 gold pieces.
You spent 126 gold pieces at shops.


Innate Abilities, Weirdness & Mutations

You are immune to sickness and miasma.
You are immune to poison.
Your flesh is very heat resistant. (rF++)
You are vulnerable to cold. (rC-)
You float through the air rather than walking.
You learn spells naturally, not from books.
Your magical power is your life essence.
You have superior vitality. (+4 MHP)
You are partially covered in large bone plates. (SH +4)
You possess an exceptional clarity of mind.
Your body sometimes deteriorates upon taking damage.


   Skills:
 + Level 6.5 Fighting
 - Level 9.0 Ranged Weapons
 - Level 2.0 Armour
 - Level 6.0 Dodging
 - Level 0.7 Stealth


You knew the following spells:

 Your Spells              Type           Power      Damage    Failure   Level
a - Shock                 Conj/Air       0%         1d3       54%         1
b - Call Imp              Summ           0%         N/A       67%         2
c - Dazzling Flash        Conj/Hex       0%         N/A       88%         3
d - Airstrike             Air            0%         2d(0-16)  99%         4
Your spell library was empty.

Inventory:

Hand Weapons
 a - a +3 shortbow of freezing (weapon)
Armour
 c - the +2 robe of Happy Babbling {rCorr Int-5 Dex+4}
   (You found it on level 8 of the Dungeon)

   Int-5:     It affects your intelligence (-5).
   Dex+4:     It affects your dexterity (+4).
   rCorr:     It protects you from acid and corrosion.
 e - a +0 ring mail (worn)
 f - a +1 cloak (worn)
Jewellery
 k - the ring "Varac" (left hand) {rElec rPois rF- Will+ Int+7}
   (You acquired it on level 6 of the Dungeon)

   [ring of willpower]

   Int+7:     It affects your intelligence (+7).
   rF-:       It makes you vulnerable to fire.
   rElec:     It insulates you from electricity.
   rPois:     It protects you from poison Will+: It increases your willpower.
 m - a ring of willpower (right hand)
Wands
 b - a wand of iceblast (11)
 i - a wand of polymorph (5)
Scrolls
 g - a scroll of teleportation
 l - a scroll of identify
Potions
 d - 4 potions of curing
 h - a potion of haste
 j - a potion of enlightenment

Dungeon Overview and Level Annotations

Branches:
Dungeon (8/15)             Temple (1/1) D:5
   Lair: D:8-11

Altars:
Ashenzari
Cheibriados
Dithmenos
Elyvilon
Fedhas
Gozag
Hepliaklqana
Makhleb
Qazlal
Ru
Trog
Uskayaw
Wu Jian
Xom
Yredelemnul
Zin
Jiyva

Shops:
D:6 **

Annotations:
D:5 exclusion: oklob plant
D:8 3 runed translucent doors, Erica; qw's ghost, novice GrHu


Message History

Erica shouts!
Erica mumbles some strange words.
Erica flickers and vanishes!
Deactivating autopickup; reactivate with Ctrl-A.
You shoot an arrow. You shoot an arrow. You shoot an arrow. You shoot an arrow.
You shoot an arrow. You shoot an arrow. You shoot an arrow. Something hits you!
Something burns you. Something grabs you.
You are constricted.
You shoot an arrow. Something hits you!
You are constricted.
You shoot an arrow. Something hits you.
You are constricted.
Something barely misses you.
You are constricted.
You shoot an arrow.
You hear some strange, mumbled words.
A bolt of poison appears from out of thin air!
The bolt of poison misses you.
You are constricted.
You shoot an arrow. Something hits you.
You are constricted.
You shoot an arrow.
You hear some strange, mumbled words.
A bolt of poison appears from out of thin air!
The bolt of poison hits you but does no damage.
You resist.
You are constricted.
You shoot an arrow. You block something's attack.
You are constricted.
You shoot an arrow. Something hits you.
You are constricted.
You shoot an arrow. Something hits you!
Your body deteriorates!
You feel dopey. Something burns you.
You are constricted.
You shoot an arrow. Something hits you!!
You die...

...# .. #..# #......##
..## .....!....#
##.......## ..#
..?......# #.........#
.## .........#
#.......... ..#
.........# #.........#
..... .....>...#
#.........# ###...
.........#
##........## ..
.........# #.........#
. ......{@.#
#........##
.........####........#
........#...........##
..........###......##
........### #.......#
######### #########


There were no monsters in sight!

Vanquished Creatures
  Menkaure (D:4)
  Duvessa (D:6)
  A water moccasin (D:6)
  A sky beast (D:6)
  An orc warrior (D:7)
  2 black bears (D:5)
  2 ogres
  A centaur (D:8)
  3 phantoms (D:5)
  A scorpion (D:6)
  Dowan (D:6)
  2 killer bees (D:8)
  A howler monkey (D:6)
  3 bombardier beetles
  8 crimson imps (D:7)
  4 hounds
  2 gnoll boudas (D:6)
  3 orc priests
  4 jellies (D:8)
  4 iguanas
  A sleepcap (D:5)
  3 orc wizards
  17 gnolls
  9 adders
  A shadow imp (D:6)
  3 white imps
  11 orcs
  4 bats
  10 endoplasms
  5 giant cockroaches
  7 goblins
  8 hobgoblins
  2 jackals (D:4)
  11 kobolds
  2 quokkas
  5 ball pythons
  7 frilled lizards
  9 rats
161 creatures vanquished.

Notes
Turn   | Place    | Note
-------+----------+-------------------------------------------
     0 | D:1      | qw the Djinni Hunter began the quest for the Orb.
     0 | D:1      | Reached XP level 1. HP: 18/18 MP: 0/0
     0 | D:1      | 0 ||| qw: Version: 0.3-a-135-gb77e89d
     0 | D:1      | 0 ||| qw: Game counter: 862
     0 | D:1      | 0 ||| qw: Melee chars always use a shield: true
     0 | D:1      | 0 ||| qw: God list: Okawaru
     0 | D:1      | 0 ||| qw: Allow faded altars: false
     0 | D:1      | 0 ||| qw: Do Orc after clearing Dungeon:15 true
     0 | D:1      | 0 ||| qw: Do second Lair branch before Depths: true
     0 | D:1      | 0 ||| qw: Lair rune preference: random
     0 | D:1      | 0 ||| qw: Goals: Normal
     0 | D:1      | 0 ||| PLANNING D:1-11
   220 | D:1      | Reached XP level 2. HP: 23/23 MP: 0/0
   442 | D:1      | 442 ||| UPGRADING to +0 cloak.
   447 | D:1      | 447 ||| READING scroll labelled UDGHA ZEEFILI.
   447 | D:1      | 447 ||| ENCHANTING +0 shortbow.
   448 | D:1      | 448 ||| READING scroll labelled ONAC OZUIPPUST.
   449 | D:1      | 449 ||| READING scroll labelled KES YCZAKHLIY.
   449 | D:1      | 449 ||| IDENTIFYING inky potion
   450 | D:1      | 450 ||| DRINKING potion of mutation.
   450 | D:1      | Gained mutation: You possess an exceptional clarity of
                  | mind. [potion of mutation]
   450 | D:1      | Gained mutation: Your body sometimes deteriorates upon
                  | taking damage. [potion of mutation]
   450 | D:1      | Gained mutation: You are partially covered in large bone
                  | plates. (SH +4) [potion of mutation]
   451 | D:1      | 451 ||| READING scroll labelled LIRYH UWAIJIST.
   452 | D:1      | 452 ||| DRINKING 2 cyan potions.
   453 | D:1      | 453 ||| DRINKING 2 sapphire potions.
   454 | D:1      | 454 ||| DROPPING scroll of butterflies.
   471 | D:2      | Found an opulent altar of Gozag.
   502 | D:2      | Reached skill level 4 in Ranged Weapons
   502 | D:2      | Reached XP level 3. HP: 28/28 MP: 0/0
   502 | D:2      | Learned a level 1 spell: Shock
   909 | D:2      | Reached skill level 3 in Fighting
   909 | D:2      | Reached XP level 4. HP: 32/35 MP: 0/0
  1028 | D:2      | 1028 ||| READING scroll of identify.
  1028 | D:2      | 1028 ||| IDENTIFYING metallic pink potion
  1029 | D:2      | 1029 ||| READING scroll labelled TAUJOJUHYICS.
  1091 | D:2      | 1091 ||| READING scroll labelled QIKKISTRUGAJA.
  1096 | D:2      | 1096 ||| DROPPING potion of brilliance.
  1110 | D:3      | 1110 ||| STAIRDANCE
  1114 | D:3      | 1114 ||| STAIRDANCE
  1118 | D:3      | 1118 ||| STAIRDANCE
  1126 | D:3      | 1126 ||| STAIRDANCE
  1152 | D:3      | 1152 ||| STAIRDANCE
  1167 | D:3      | Found a white marble altar of Elyvilon.
  1185 | D:3      | Reached skill level 3 in Dodging
  1237 | D:3      | Found a bloodstained altar of Trog.
  1266 | D:3      | Reached XP level 5. HP: 33/40 MP: 0/0
  1266 | D:3      | Learned a level 2 spell: Call Imp
  1438 | D:3      | 1438 ||| READING scroll of enchant weapon.
  1438 | D:3      | 1438 ||| ENCHANTING +1 shortbow.
  1641 | D:3      | 1641 ||| READING scroll of identify.
  1641 | D:3      | 1641 ||| IDENTIFYING scroll labelled QONOTI PEMUVI
  1642 | D:3      | 1642 ||| READING scroll labelled VEEHAS MUECUSMUNED.
  1642 | D:3      | 1642 ||| BRANDING +2 shortbow.
  1643 | D:3      | 1643 ||| DROPPING scroll of silence.
  1729 | D:4      | 1729 ||| FLEEEEING.
  1764 | D:4      | 1764 ||| FLEEEEING.
  1767 | D:4      | 1767 ||| FLEEEEING.
  1772 | D:4      | 1772 ||| FLEEEEING.
  1773 | D:4      | 1773 ||| FLEEEEING.
  1774 | D:4      | 1774 ||| FLEEEEING.
  1775 | D:4      | 1775 ||| FLEEEEING.
  1776 | D:4      | 1776 ||| STAIRDANCE
  1861 | D:4      | Noticed Menkaure
  1866 | D:4      | Killed Menkaure
  1867 | D:4      | Reached skill level 5 in Ranged Weapons
  1867 | D:4      | Reached XP level 6. HP: 25/46 MP: 0/0
  1992 | D:4      | Noticed an ogre
  2001 | D:4      | Reached skill level 1 in Armour
  2004 | D:4      | Killed an ogre
  2005 | D:4      | Reached XP level 7. HP: 29/51 MP: 0/0
  2005 | D:4      | Learned a level 3 spell: Dazzling Flash
  2446 | D:4      | 2446 ||| READING scroll of identify.
  2446 | D:4      | 2446 ||| IDENTIFYING fizzy clear potion
  2447 | D:4      | 2447 ||| READING scroll labelled TOETUT GOSKICUE.
  2486 | D:5      | Entered Level 5 of the Dungeon
  2636 | D:5      | Reached skill level 6 in Ranged Weapons
  2816 | D:5      | Reached XP level 8. HP: 58/58 MP: 0/0
  2914 | D:5      | Found a blossoming altar of Fedhas.
  2938 | D:5      | Noticed an oklob plant
  2939 | D:5      | 2939 ||| READING scroll labelled OHAOPH OTENE.
  2939 | D:5      | 2939 ||| ENCHANTING +0 cloak.
  2954 | D:5      | HP: 8/58 [oklob plant/splash of acid (30)]
  2955 | D:5      | 2955 ||| READING 2 scrolls of teleportation.
  2956 | D:5      | 2956 ||| DRINKING potion of heal wounds.
  3297 | D:5      | Found a staircase to the Ecumenical Temple.
  3298 | D:5      | 3298 ||| PLANNING TEMPLE
  3307 | D:5      | Reached skill level 7 in Ranged Weapons
  3331 | Temple   | Entered the Ecumenical Temple
  3332 | Temple   | 3332 ||| PLANNING D:1-11
  3537 | D:5      | 3537 ||| DRINKING 3 sedimented puce potions.
  3538 | D:5      | 3538 ||| DROPPING 2 potions of magic.
  3581 | D:6      | Found a broken altar of Ashenzari.
  3623 | D:6      | Noticed Duvessa
  3626 | D:6      | Noticed Dowan
  3633 | D:6      | Killed Duvessa
  3641 | D:6      | Killed Dowan
  4050 | D:6      | Found Pewevasak's Specific Store.
  4051 | D:6      | Found Riudyfol's General Store.
  4058 | D:6      | Reached XP level 9. HP: 65/65 MP: 0/0
  4058 | D:6      | Learned a level 4 spell: Airstrike
  4067 | D:6      | 4067 ||| BUYING scroll of enchant weapon (82 gold).
  4067 | D:6      | Bought a scroll of enchant weapon for 82 gold pieces
  4067 | D:6      | 4067 ||| BUYING scroll of identify (22 gold).
  4067 | D:6      | Bought a scroll of identify for 22 gold pieces
  4067 | D:6      | 4067 ||| BUYING scroll of identify (22 gold).
  4067 | D:6      | Bought a scroll of identify for 22 gold pieces
  4067 | D:6      | 4067 ||| READING scroll of enchant weapon.
  4067 | D:6      | 4067 ||| ENCHANTING +2 shortbow of freezing.
  4127 | D:6      | Reached skill level 6 in Dodging
  4555 | D:6      | Reached skill level 8 in Ranged Weapons
  4709 | D:6      | 4709 ||| READING 2 scrolls of identify.
  4709 | D:6      | 4709 ||| IDENTIFYING clear potion
  4710 | D:6      | 4710 ||| READING scroll of identify.
  4710 | D:6      | 4710 ||| IDENTIFYING puce potion
  4711 | D:6      | 4711 ||| READING scroll labelled POAPLEABOIME.
  4711 | D:6      | Identified a scroll of acquirement
  4711 | D:6      | 4711 ||| ACQUIRING ring "Varac" {rElec rPois rF- Will+
                  | Int+7}
  4711 | D:6      | Acquired the ring "Varac" {rElec rPois rF- Will+ Int+7}
  4713 | D:6      | 4713 ||| UPGRADING to ring "Varac" {rElec rPois rF- Will+
                  | Int+7}.
  4714 | D:6      | 4714 ||| DROPPING wand of flame (9).
  4715 | D:6      | 4715 ||| DROPPING potion of ambrosia.
  4916 | D:7      | Reached skill level 6 in Fighting
  4965 | D:7      | 4965 ||| RETREEEEATING.
  4969 | D:7      | 4969 ||| RETREEEEATING.
  5398 | D:7      | Found a hide-covered altar of Uskayaw.
  5533 | D:7      | 5533 ||| UPGRADING to +0 ring mail.
  5543 | D:7      | 5543 ||| DROPPING +0 leather armour.
  5544 | D:7      | 5544 ||| UPGRADING to ring of willpower.
  5545 | D:7      | 5545 ||| READING 2 scrolls of identify.
  5545 | D:7      | 5545 ||| IDENTIFYING scroll labelled YMUL OSOOSTRO
  5546 | D:7      | 5546 ||| DROPPING scroll of vulnerability.
  5656 | D:8      | Noticed a centaur warrior
  5657 | D:8      | Noticed qw's ghost (novice GrHu)
  5660 | D:8      | Found a runed translucent gate.
  5660 | D:8      | Found a runed translucent gate.
  5660 | D:8      | Found a runed translucent gate.
  5661 | D:8      | Noticed a two-headed ogre
  5889 | D:8      | Reached skill level 9 in Ranged Weapons
  5892 | D:8      | Found a viscous altar of Jiyva.
  5921 | D:8      | Identified the +2 robe of Happy Babbling {rCorr Int-5
                  | Dex+4}
  5985 | D:8      | Reached XP level 10. HP: 73/73 MP: 0/0
  6169 | D:8      | Noticed Erica
  6184 | D:8      | HP: 18/73 [something (3)]
  6185 | D:8      | Slain by Erica

Levels and vault maps discovered:
D:1:      eino_arrival_water_star, layout_rooms, chequers_serial_rivers_micro_e
D:2:      layout_loops_cross, basic_altar, minmay_circled_x
D:3:      layout_basic, elyvilon_altar_5, trog_butcher_becter,
          serial_park_tiny_1
D:4:      layout_gridville, eino_curves_03, minivault_25, uniq_menkaure
D:5:      layout_loops_cross, tgw_fedhas, minmay_temple_entry_large_hall,
          kennysheep_generic_room_10
D:6:      layout_basic, cheibrodos_ashenzari_chains, nicolae_specific_store,
          hex_tiny, uniq_duvessa
D:7:      layout_loops_ring, lemuel_coloured_pillars_altar, minmay_nine_imps
D:8:      layout_cave_pods, lemuel_tele_altar, gammafunk_ghost_split,
          minivault_22, jiyva_altar_1, uniq_erica
Temple:   hellmonk_temple_forest_ring

Skill      XL: |  1  2  3  4  5  6  7  8  9 |
---------------+----------------------------+-----
Ranged Weapons | 4 5 6 7 9 |  9.0
Fighting       | 3 4 5 6 |  6.5
Dodging        | 3 4 5 6 |  6.0
Armour         | 1 2 |  2.0
Stealth        | |  0.7

Action                     |  1- 3 |  4- 6 |  7- 9 | 10-12 || total
---------------------------+-------+-------+-------+-------++-------
   Fire: Shortbow          |   113 |   116 |   330 |    16 ||   575
    Use: Scroll            |     4 |     6 |     9 |       ||    19
         Potion            |     3 |       |     2 |       ||     5
 Armour: Leather armour    |    13 |    34 |    72 |       ||   119
         Ring mail         |       |       |    16 |     8 ||    24
  Dodge: Dodged            |    22 |    37 |    90 |     2 ||   151
  Block: Other             |     2 |    14 |    23 |     1 ||    40

Table legend:
 A = Non-vault XP
 B = Vault XP
 C = Vault XP percentage of total XP
 D = Non-vault monster count
 E = Vault monster count
 F = Vault count percentage of total count
                 A         B        C        D         E       F
            +---------+---------+-------+---------+---------+-------
      Total |    2899 |    1011 |  25.9 |     136 |      25 |  15.5
            +---------+---------+-------+---------+---------+-------
        D:1 |      26 |       0 |   0.0 |      16 |       0 |   0.0
        D:2 |      69 |       5 |   6.8 |      29 |       4 |  12.1
        D:3 |      50 |       7 |  12.3 |      14 |       4 |  22.2
        D:4 |     335 |     169 |  33.5 |      15 |       1 |   6.2
        D:5 |     723 |      43 |   5.6 |      12 |       1 |   7.7
        D:6 |     893 |     223 |  20.0 |      27 |       2 |   6.9
        D:7 |     433 |     398 |  47.9 |      10 |       9 |  47.4
        D:8 |     370 |     166 |  31.0 |      13 |       4 |  23.5
            +---------+---------+-------+---------+---------+-------
